 Dungeon Crawl Stone Soup version 0.30-a0-883-g5ad918d77d (webtiles) character file.

Game seed: 7153267885747762484

147 cforsyth the Ogre Mage (level 5, -2/45 HPs)
             Began as an Ogre Fire Elementalist on Mar 17, 2023.
             Slain by Robin
             ... wielding a +2 spear of distortion
              (5 damage)
             ... on level 3 of the Dungeon on Mar 18, 2023.
             The game lasted 00:09:34 (3933 turns).

cforsyth the Ogre Mage (Ogre Fire Elementalist)     Turns: 3933, Time: 00:09:34

Health: -2/45      AC:  3    Str: 12    XL:     5   Next: 29%
Magic:  10/10      EV: 10    Int: 18    God:
Gold:   91         SH:  0    Dex:  9    Spells: 7/10 levels left

rFire   . . .      SeeInvis .    k - +4 dagger
rCold   . . .      Faith    .    (no shield)
rNeg    . . .      Spirit   .    a - +0 robe
rPois   .          Reflect  .    (helmet restricted)
rElec   .          Rampage  .    (no cloak)
rCorr   .                        (gloves unavailable)
Will    .....                    (boots unavailable)
Stlth   ++                       (no amulet)
HPRegen 0.27/turn                (no ring)
MPRegen 0.12/turn                (no ring)

@: no status effects
A: large, unfitting armour, tough skin 1
a: no special abilities


You were on level 3 of the Dungeon.
You visited 1 branch of the dungeon, and saw 3 of its levels.

You collected 91 gold pieces.

Inventory:

Hand Weapons
 k - a +4 dagger (weapon)
Armour
 a - a +0 robe (worn)
Jewellery
 m - a +4 ring of protection
Scrolls
 d - 4 scrolls of identify {unknown}
 e - 3 scrolls of teleportation {unknown}
 f - a scroll of amnesia {unknown}
 n - 2 scrolls of fog {unknown}
 o - a scroll of enchant weapon {unknown}
 p - 2 scrolls of immolation {unknown}
Potions
 b - a potion of magic
 c - a potion of degeneration {unknown}
 g - a potion of resistance {unknown}
 h - 3 potions of curing {unknown}
 i - 3 potions of attraction {unknown}
 j - a potion of might {unknown}
 l - a potion of ambrosia {unknown}
 q - a potion of flight {unknown}


   Skills:
 + Level 2.6 Dodging
 + Level 2.3 Stealth
 + Level 3.4 Spellcasting
 + Level 2.0 Conjurations
 + Level 3.2 Fire Magic


You had 7 spell levels left.
You knew the following spells:

 Your Spells              Type           Power      Damage    Failure   Level
a - Foxfire               Conj/Fire      48%        2x1d6     5%          1
b - Scorch                Fire           28%        2d6       6%          2

Your spell library contained the following spells:

 Spells                   Type           Power      Damage    Failure   Level
 Inner Flame              Hex/Fire       9%         N/A       24%         3
 Kindle Blastsparks       Fire/Tloc/Air  14%        2d11      30%         3
 Portal Projectile        Hex/Tloc       6%         N/A       43%         3
 Tukima's Dance           Hex            3%         N/A       43%         3
 Vhi's Electric Charge    Tloc/Air       6%         N/A       43%         3
 Flame Wave               Conj/Fire      12%        2d6       45%         4
 Arcjolt                  Conj/Air       3%         1d13      96%         5
 Blade Hands              Tmut           1%         N/A       99%         5
 Maxwell's Capacitive Co  Air            1%         ∞         100%        8


Dungeon Overview and Level Annotations

Branches:
Dungeon (3/15)

Altars:
Ru

Annotations:
D:3 1 runed translucent door, Robin; oldplebian's ghost, weakling HOCA


Innate Abilities, Weirdness & Mutations

You are too large for most types of armour.
You have tough skin. (AC +1)


Message History

The hobgoblin shouts! x2
The goblin hits you but does no damage.
You barely miss the goblin. The goblin barely misses you.
You hit the goblin.
The goblin is heavily wounded.
The goblin hits you with a +0 dagger.
You miss the goblin.
The goblin is heavily wounded.
The goblin barely misses you.
Robin zaps a wand.
The puff of flame hits you.
You hit the goblin.
You kill the goblin!
Robin zaps a wand.
The puff of flame misses you.
You hit the hobgoblin.
The hobgoblin is moderately wounded.
Robin roars a battlecry!
The hobgoblins go into a battle-frenzy!
The hobgoblin hits you.
You hear a shout!
You hit the hobgoblin but do no damage.
The hobgoblin is moderately wounded.
You hear a shout!
The hobgoblin hits you but does no damage.
You hear a shout!
You hit the hobgoblin.
The hobgoblin is severely wounded.
The hobgoblin hits you but does no damage.
You closely miss the hobgoblin.
The hobgoblin is severely wounded.
Robin zaps a wand.
The puff of flame hits you!
* * * LOW HITPOINT WARNING * * *
The hobgoblin hits you.
* * * LOW HITPOINT WARNING * * *
You barely miss the hobgoblin.
The hobgoblin is severely wounded.
The hobgoblin closely misses you.
You hit the hobgoblin.
You kill the hobgoblin!
A hobgoblin comes into view.
Robin hits you from afar with a +2 spear of distortion.
You die...

####### #############
......###############............
#.................g...###.##.....
#.#####....g############.#.#.####
#.............g.@g<.....###..#
#.########.############# #g#.#
#.# #.# #.#<..# #)# #.# #. ....#
#)# #.# # #....# #.# #.# ##.#.#
#.# #.# #g#.# <.## #.# ### ###
.#.# ...# #.# #.. ... ..#


You could see Robin and 2 hobgoblins.

Vanquished Creatures
  An orc wizard (D:3)
  3 adders (D:3)
  A worm (D:2)
  A dart slug (D:2)
  4 orcs (D:3)
  11 endoplasms
  4 giant cockroaches
  8 goblins
  8 hobgoblins
  7 jackals (D:1)
  4 quokkas
  6 ball pythons
  8 bats
  5 frilled lizards
  5 kobolds
  5 rats
81 creatures vanquished.

Vanquished Creatures (collateral kills)
  2 foxfires (D:3)
2 creatures vanquished.

Vanquished Creatures (others)
  273 foxfires
273 creatures vanquished.

Grand Total: 356 creatures vanquished

Notes
Turn   | Place    | Note
-------+----------+-------------------------------------------
     0 | D:1      | cforsyth the Ogre Fire Elementalist began the quest for the
                  | Orb.
     0 | D:1      | Reached XP level 1. HP: 16/16 MP: 3/3
   126 | D:1      | Reached skill level 1 in Conjurations
   332 | D:1      | Reached XP level 2. HP: 24/24 MP: 3/5
  1108 | D:1      | Reached XP level 3. HP: 31/31 MP: 2/7
  1756 | D:1      | Learned a level 2 spell: Scorch
  2344 | D:2      | Found a faded altar of an unknown god.
  2398 | D:2      | Found a sacrificial altar of Ru.
  2497 | D:2      | Reached XP level 4. HP: 39/39 MP: 6/8
  3439 | D:3      | Reached XP level 5. HP: 45/45 MP: 6/9
  3763 | D:3      | Found a runed translucent door.
  3763 | D:3      | Noticed oldplebian's ghost (weakling HOCA)
  3897 | D:3      | Noticed Robin
  3931 | D:3      | HP: 2/45 [hobgoblin[Robin] (5)]
  3933 | D:3      | Slain by Robin

Illustrated notes

Levels and vault maps discovered:
D:1:      spicycebolla_green_bress_n_ham, layout_basic, minmay_misc_feat_rows,
          minmay_misc_feat_encased, ebering_dispersal_statue_hall
D:2:      layout_basic, hellmonk_ecumenical_altar_slurped_away, basic_altar,
          grunt_ministairs_11, chequers_jeans
D:3:      layout_loops_ring, gammafunk_ghost_grave, serial_park_tiny_2,
          uniq_robin

Skill      XL: |  1  2  3  4  5 |
---------------+----------------+-----
Conjurations   | 1 2 |  2.0
Dodging        | 2 |  2.6
Fire Magic     | 3 |  3.2
Spellcasting   | 3 |  3.4
Stealth        | 2 |  2.3

Action                     |  1- 3 |  4- 6 || total
---------------------------+-------+-------++-------
  Melee: Unarmed           |     8 |       ||     8
         Dagger            |     1 |    13 ||    14
   Cast: Foxfire           |   104 |    61 ||   165
 Armour: Robe              |    27 |     5 ||    32
  Dodge: Dodged            |    37 |    13 ||    50

Table legend: (Time is in decaauts)
 A = Elapsed time spent in this place.
 B = Non-inter-level travel time spent in this place.
 C = Inter-level travel time spent in this place.
 D = Time resting spent in this place.
 E = Time spent auto-exploring this place.
 F = Levels seen in this place.
 G = Mean time per level.
                   A        B        C        D        E       F      G
               +--------+--------+--------+--------+--------+-----+--------+
         Total |   3931 |   3890 |     41 |      0 |   3339 |   3 | 1310.3 |
       Dungeon |   3931 |   3890 |     41 |      0 |   3339 |   3 | 1310.3 |
               +--------+--------+--------+--------+--------+-----+--------+

Top non-repeatable levels by time:
     D:1: 1780 daAuts
     D:2: 1126 daAuts
     D:3: 1025 daAuts
